 Dungeon Crawl Stone Soup version 0.30-a0-840-ga523dec638 (webtiles) character file.

Game seed: 16067861273608618794

6058 NinjaNoafa the Destroyer (level 10, -14/76 HPs)
             Began as a Gnoll Conjurer on Mar 1, 2023.
             Was a Believer of Vehumet.
             Demolished by a boulder beetle (19 damage)
             ... on level 11 of the Dungeon.
             The game lasted 00:39:17 (9117 turns).

NinjaNoafa the Destroyer (Gnoll Conjurer)           Turns: 9117, Time: 00:39:18

Health: -14/76     AC: 14    Str:  6    XL:     10   Next: 87%
Magic:  21/21      EV: 16    Int: 28    God:    Vehumet [**....]
Gold:   571        SH:  0    Dex: 17    Spells: 0/24 levels left

rFire   . . .      SeeInvis .    d - +5 flail
rCold   . . .      Faith    .    (no shield)
rNeg    + . .      Spirit   .    D - +2 robe {rN+}
rPois   .          Reflect  .    G - +2 helmet
rElec   .          Harm     .    H - +2 cloak
rCorr   .          Rampage  .    (no gloves)
Will    .....                    t - +2 pair of boots
Stlth   ++++                     (no amulet)
HPRegen 0.32/turn                C - +6 ring of intelligence
MPRegen 0.17/turn                p - +6 ring of dexterity

@: no status effects
A: fangs 1, strong nose, distributed training
a: Renounce Religion


You were on level 11 of the Dungeon.
You worshipped Vehumet.
Vehumet was pleased with you.
You visited 2 branches of the dungeon, and saw 12 of its levels.

You collected 571 gold pieces.

Inventory:

Hand Weapons
 a - a +1 short sword of venom
 b - a +1 whip of pain
 c - the +1 sling "Newt's Undoing" {speed, Contam rPois Str+3}
   (You found it on level 2 of the Dungeon)

   Str:       It affects your strength (+3).
   rPois:     It protects you from poison.
   Contam:    It causes magical contamination when unequipped.
 d - a +5 flail (weapon)
Missiles
 k - 28 poisoned darts
 l - 5 atropa-tipped darts
 s - 5 boomerangs
 F - 2 curare-tipped darts
Armour
 t - a +2 pair of boots (worn)
 D - a +2 robe of positive energy (worn)
 G - a +2 helmet (worn)
 H - a +2 cloak (worn)
Jewellery
 i - a ring of see invisible
 m - the ring "Ofrujon" {rF- rN+ rCorr Dex+3}
   (You took it off a centaur on level 7 of the Dungeon)

   [ring of resist corrosion]

   Dex:       It affects your dexterity (+3).
   rF:        It makes you vulnerable to fire.
   rN:        It protects you from negative energy.
   rCorr:     It protects you from acid and corrosion.
 p - a +6 ring of dexterity (right hand)
 C - a +6 ring of intelligence (left hand)
Wands
 r - a wand of flame (28)
 I - a wand of quicksilver (15)
Scrolls
 f - 6 scrolls of teleportation
 g - a scroll of poison {unknown}
 j - 3 scrolls of vulnerability
 u - 4 scrolls of noise {unknown}
 y - 3 scrolls of enchant weapon {unknown}
 B - a scroll of summoning {unknown}
 J - a scroll of torment {unknown}
 K - a scroll of amnesia {unknown}
 L - a scroll of immolation {unknown}
 M - a scroll of fear {unknown}
 O - a scroll of enchant armour
Potions
 e - 7 potions of curing
 h - 2 potions of brilliance
 n - 4 potions of lignification
 o - 4 potions of heal wounds
 q - a potion of cancellation
 v - a potion of magic
 w - 3 potions of mutation
 x - 4 potions of might {unknown}
 z - a potion of flight
 A - a potion of ambrosia {unknown}
 E - 2 potions of attraction {unknown}
 N - a potion of haste {unknown}


   Skills:
 + Level 5.9 Fighting
 + Level 5.9 Short Blades
 + Level 5.9 Long Blades
 + Level 5.9 Axes
 + Level 5.9 Maces & Flails
 + Level 5.9 Polearms
 + Level 5.9 Staves
 + Level 5.9 Ranged Weapons
 + Level 5.9 Throwing
 + Level 5.9 Armour
 + Level 7.5 Dodging
 + Level 7.3 Stealth
 + Level 5.9 Shields
 + Level 5.9 Unarmed Combat
 + Level 7.8 Spellcasting
 + Level 8.7 Conjurations
 + Level 4.9 Hexes
 + Level 4.9 Summonings
 + Level 4.9 Necromancy
 + Level 4.9 Translocations
 + Level 4.9 Transmutations
 + Level 4.9 Fire Magic
 + Level 4.9 Ice Magic
 + Level 4.9 Air Magic
 + Level 4.9 Earth Magic
 + Level 4.9 Poison Magic
 + Level 6.5 Invocations
 + Level 5.9 Evocations


You couldn't memorise any spells.
You knew the following spells:

 Your Spells              Type           Power      Damage    Failure   Level
a - Magic Dart            Conj           100%       1d8       1%          1
b - Searing Ray           Conj           100%       2d8       1%          2
c - Dazzling Flash        Conj/Hex       98%        N/A       1%          3
d - Iskenderun's Mystic   Conj/Tloc      49%        2d11      3%          4
e - Fulminant Prism       Conj/Hex       24%        3d12      3%          4
f - Iskenderun's Battles  Conj           56%        2d11      3%          5
g - Fireball              Conj/Fire      24%        3d11      9%          5

Your spell library contained the following spells:

 Spells                   Type           Power      Damage    Failure   Level
 Sandblast                Erth           76%        2d16      1%          1
 Sting                    Tmut/Pois      100%       1d8       1%          1
 Lesser Beckoning         Tloc           76%        N/A       1%          2
 Poisonous Vapours        Pois/Air       76%        N/A       1%          2
 Scorch                   Fire           76%        2d8       1%          2
 Frozen Ramparts          Ice            76%        1d12      1%          3
 Gell's Gravitas          Tloc           38%        N/A       1%          3
 Teleport Other           Tloc           38%        N/A       1%          3
 Flame Wave               Conj/Fire      49%        2d12      3%          4
 Animate Dead             Necr           38%        N/A       7%          4
 Ice Form                 Ice/Tmut       38%        N/A       7%          4
 Olgreb's Toxic Radiance  Pois           38%        N/A       7%          4
 Summon Ice Beast         Ice/Summ       38%        N/A       7%          4
 Conjure Ball Lightning   Conj/Air       24%        3x3d7     43%         6
 Dispersal                Tloc           19%        N/A       71%         6
 Summon Cactus Giant      Summ           19%        N/A       71%         6
 Orb of Destruction       Conj           28%        9d9       75%         7
 Haunt                    Necr/Summ      19%        N/A       99%         7
 Infestation              Necr           19%        N/A       100%        8


Dungeon Overview and Level Annotations

Branches:
Dungeon (11/15)            Temple (1/1) D:7             Orc (0/2) D:9
   Lair: D:8-11

Altars:
Ashenzari
Cheibriados
Elyvilon
Fedhas
Gozag
Hepliaklqana
Kikubaaqudgha
Makhleb
Nemelex Xobeh
Okawaru
Qazlal
Ru
Sif Muna
Trog
Uskayaw
Vehumet
Wu Jian
Xom
Yredelemnul
Zin


Innate Abilities, Weirdness & Mutations

You have very sharp teeth.
Your uncanny sense of smell can sniff out nearby items.
Your experience applies equally to all skills.


Message History

Casting: Magic Dart (safe; 1% risk of failure)
Confirm with . or Enter, or press ? or * to list all spells.
You don't have enough magic to cast this spell.
Casting: Magic Dart (safe; 1% risk of failure)
Confirm with . or Enter, or press ? or * to list all spells.
Aiming: Fulminant Prism (dangerous; 3% risk of failure)
Press: ? - help, Dir - move target
Okay, then.
The vampire mosquito buzzes angrily.
Unknown command.
An orc knight comes into view. It is wielding a +0 long sword.
The vampire mosquito bites you but does no damage.
The vampire mosquito bites you.
* * * LOW HITPOINT WARNING * * *
The vampire mosquito draws strength from your injuries!
The orc knight roars a battlecry!
There is a stone staircase leading down here.
The vampire mosquito closely misses you. x2
You climb downwards.
Found a wand of flame (9).
There is a stone staircase leading up here.
Casting: Fulminant Prism (dangerous; 3% risk of failure)
Confirm with . or Enter, or press ? or * to list all spells.
You erupt in a blast of force!
The mystic blast hits the boulder beetle.
The boulder beetle is lightly wounded.
The boulder beetle is knocked back by the mystic blast.
The boulder beetle slams into the rock wall!
The boulder beetle is lightly wounded.
The mystic blast hits the vampire mosquito!
The vampire mosquito is heavily damaged.
The vampire mosquito is knocked back by the mystic blast.
Magic courses through your body. The vampire mosquito bites you!
* * * LOW HITPOINT WARNING * * *
The vampire mosquito draws strength from your injuries!
The vampire mosquito bites you.
* * * LOW HITPOINT WARNING * * *
The vampire mosquito draws strength from your injuries!
The boulder beetle bites you!!
You die...

#.........
#.........
#../......
#.........
#.........
#.........
#B.y......
#.@.......
##########


You could see a boulder beetle and a vampire mosquito.

Vanquished Creatures
  An unseen horror (D:10)
  2 hornets
  A dream sheep (D:7)
  The ghost of cforsyth the Sneak, an amateur KoBr (D:4)
  Sigmund (D:3)
  A wyvern (D:9)
  Eustachio (D:4)
  An acid dragon (D:10)
  A water moccasin (D:9)
  5 orc warriors
  2 ice beasts
  3 ogres
  3 centaurs
  2 phantoms
  Blork the orc (D:5)
  5 kobold brigands
  7 bullfrogs
  A necrophage (D:4)
  11 wights
  14 killer bees
  A howler monkey (D:8)
  An electric eel (D:7)
  3 orc priests
  2 jellies
  Crazy Yiuf (D:7)
  A gnoll bouda (D:7)
  3 hounds
  Ijyb (D:3)
  Jessica (D:3)
  5 iguanas
  2 orc wizards (D:8)
  10 adders
  4 gnolls (D:2)
  A river rat (D:4)
  5 white imps
  An ufetubus (D:6)
  2 worms
  4 dart slugs
  29 orcs
  10 ball pythons
  4 bats
  5 endoplasms
  2 giant cockroaches
  8 goblins
  4 hobgoblins
  5 jackals (D:1)
  5 quokkas
  5 frilled lizards
  24 kobolds
  5 rats
218 creatures vanquished.

Vanquished Creatures (others)
  13 fulminant prisms
  A fungus (D:7)
  61 plants
75 creatures vanquished.

Grand Total: 293 creatures vanquished

Notes
Turn   | Place    | Note
-------+----------+-------------------------------------------
     0 | D:1      | NinjaNoafa the Gnoll Conjurer began the quest for the Orb.
     0 | D:1      | Reached XP level 1. HP: 13/13 MP: 6/6
   123 | D:1      | Reached XP level 2. HP: 19/19 MP: 1/7
   273 | D:1      | Learned a level 2 spell: Searing Ray
   641 | D:1      | Reached skill level 5 in Spellcasting
   641 | D:1      | Reached XP level 3. HP: 25/25 MP: 5/9
   645 | D:1      | Learned a level 3 spell: Dazzling Flash
   757 | D:2      | Identified the +1 sling "Newt's Undoing" {speed, Contam
                  | rPois Str+3}
   927 | D:2      | Reached skill level 1 in Invocations
   953 | D:2      | Reached skill level 1 in Fighting
   953 | D:2      | Reached skill level 1 in Short Blades
   953 | D:2      | Reached skill level 1 in Long Blades
   953 | D:2      | Reached skill level 1 in Axes
   953 | D:2      | Reached skill level 1 in Maces & Flails
   953 | D:2      | Reached skill level 1 in Polearms
   953 | D:2      | Reached skill level 1 in Staves
   953 | D:2      | Reached skill level 1 in Ranged Weapons
   953 | D:2      | Reached skill level 1 in Throwing
   953 | D:2      | Reached skill level 1 in Armour
   953 | D:2      | Reached skill level 1 in Shields
   953 | D:2      | Reached skill level 1 in Unarmed Combat
   953 | D:2      | Reached skill level 1 in Evocations
   953 | D:2      | Reached XP level 4. HP: 12/32 MP: 0/11
  1121 | D:2      | Reached skill level 1 in Hexes
  1121 | D:2      | Reached skill level 1 in Summonings
  1121 | D:2      | Reached skill level 1 in Necromancy
  1121 | D:2      | Reached skill level 1 in Translocations
  1121 | D:2      | Reached skill level 1 in Transmutations
  1121 | D:2      | Reached skill level 1 in Fire Magic
  1121 | D:2      | Reached skill level 1 in Ice Magic
  1121 | D:2      | Reached skill level 1 in Air Magic
  1121 | D:2      | Reached skill level 1 in Earth Magic
  1121 | D:2      | Reached skill level 1 in Poison Magic
  1187 | D:2      | Reached XP level 5. HP: 37/37 MP: 7/12
  1383 | D:3      | Noticed Jessica
  1383 | D:3      | Noticed an ogre
  1395 | D:3      | Killed Jessica
  1422 | D:3      | Killed an ogre
  1423 | D:3      | Reached XP level 6. HP: 14/44 MP: 7/13
  1639 | D:3      | Found a faded altar of an unknown god.
  1665 | D:3      | Reached skill level 5 in Dodging
  1703 | D:3      | Noticed Sigmund
  1708 | D:3      | Killed Sigmund
  1849 | D:3      | Reached XP level 7. HP: 50/50 MP: 11/15
  2024 | D:3      | Found a white marble altar of Elyvilon.
  2265 | D:3      | Noticed Ijyb
  2274 | D:3      | Killed Ijyb
  2304 | D:3      | Found an ornate altar of the Wu Jian Council.
  2307 | D:3      | Found a basalt altar of Yredelemnul.
  2591 | D:4      | Reached skill level 5 in Stealth
  2803 | D:4      | Found a runed translucent door.
  2808 | D:4      | Noticed cforsyth's ghost (amateur KoBr)
  2831 | D:4      | Upgraded the game from 0.30-a0-830-gfe289a77b0 to
                  | 0.30-a0-840-ga523dec638
  2983 | D:4      | Noticed Eustachio
  3008 | D:4      | Killed Eustachio
  3201 | D:4      | Learned a level 4 spell: Fulminant Prism
  3206 | D:4      | Learned a level 4 spell: Iskenderun's Mystic Blast
  3245 | D:4      | Found a runed translucent door.
  3462 | D:5      | Entered Level 5 of the Dungeon
  3509 | D:5      | Reached XP level 8. HP: 58/58 MP: 5/16
  3653 | D:4      | Killed cforsyth's ghost
  3938 | D:5      | Found a bloodstained altar of Trog.
  4287 | D:5      | Noticed Blork the orc
  4297 | D:5      | Killed Blork the orc
  4301 | D:5      | Found a shimmering blue altar of Sif Muna.
  4574 | D:6      | Found a blossoming altar of Fedhas.
  4836 | D:6      | Reached XP level 9. HP: 65/65 MP: 2/18
  5167 | D:6      | Reached skill level 8 in Conjurations
  5392 | D:7      | Learned a level 5 spell: Iskenderun's Battlesphere
  5461 | D:7      | Reached skill level 5 in Invocations
  5643 | D:7      | Identified the ring "Ofrujon" {rF- rN+ rCorr Dex+3}
  5960 | D:7      | Reached skill level 5 in Fighting
  5960 | D:7      | Reached skill level 5 in Short Blades
  5960 | D:7      | Reached skill level 5 in Long Blades
  5960 | D:7      | Reached skill level 5 in Axes
  5960 | D:7      | Reached skill level 5 in Maces & Flails
  5960 | D:7      | Reached skill level 5 in Polearms
  5960 | D:7      | Reached skill level 5 in Staves
  5960 | D:7      | Reached skill level 5 in Ranged Weapons
  5960 | D:7      | Reached skill level 5 in Throwing
  5960 | D:7      | Reached skill level 5 in Armour
  5960 | D:7      | Reached skill level 5 in Shields
  5960 | D:7      | Reached skill level 5 in Unarmed Combat
  5960 | D:7      | Reached skill level 5 in Evocations
  5960 | D:7      | Reached XP level 10. HP: 74/74 MP: 12/20
  6000 | D:7      | Found a staircase to the Ecumenical Temple.
  6018 | Temple   | Entered the Ecumenical Temple
  6050 | Temple   | Became a worshipper of Vehumet
  6216 | D:7      | Found an opulent altar of Gozag.
  6735 | D:7      | Found a runed translucent door.
  6736 | D:7      | Noticed Crazy Yiuf
  6742 | D:7      | Killed Crazy Yiuf
  6888 | D:8      | Found a sacrificial altar of Ru.
  7508 | D:8      | Reached * piety under Vehumet
  7508 | D:8      | Offered knowledge of Kiss of Death by Vehumet.
  8162 | D:9      | Found a snail-covered altar of Cheibriados.
  8415 | D:9      | Found a staircase to the Orcish Mines.
  8712 | D:9      | Found a broken altar of Ashenzari.
  8987 | D:10     | Entered Level 10 of the Dungeon
  9025 | D:10     | Noticed an unseen horror
  9029 | D:10     | Killed an unseen horror
  9054 | D:10     | Learned a level 5 spell: Fireball
  9094 | D:10     | Reached ** piety under Vehumet
  9094 | D:10     | Offered knowledge of Sandblast by Vehumet.
  9109 | D:10     | Noticed an orc knight
  9115 | D:11     | Noticed a boulder beetle
  9117 | D:11     | Demolished by a boulder beetle

Illustrated notes

Levels and vault maps discovered:
D:1:      wheals_arrival_shading, layout_basic, dreamdust_princess_bridge,
          minmay_surrounded
D:2:      layout_basic, minmay_box_of_dots
D:3:      minmay_door_path, layout_basic, elyvilon_altar_1,
          chequers_temple_overflow_statue_of_worship,
          nicolae_ecumenical_snake_handling, uniq_ijyb, uniq_sigmund,
          uniq_jessica
D:4:      layout_cave_pods, ebering_ghost_sewer_f, uniq_eustachio
D:5:      layout_basic, tgw_sif, trog_butcher_becter
D:6:      hellmonk_ruined_rings, layout_loops_corners,
          mainiacjoe_overflow_brackets, corexii_leaking_fountain,
          kennysheep_generic_room_3
D:7:      wad_woods_pond, layout_loops_ring,
          mainiacjoe_overflow_small_starburst, minmay_temple_entry_poolview,
          dreamdust_gnoll_shepherd, uniq_crazy_yiuf_cottage
D:8:      layout_basic, mainiacjoe_overflow_concentric_impassable
D:9:      layout_basic, cheibriados_altar_1, mainiacjoe_overflow_alcove_4,
          orc_0_dummy
D:10:     minmay_the_grid_octo_triangle [minmay_the_grid_octo_shrine,
          minmay_the_grid_octo_prize_big_c, minmay_the_grid_octo_77],
          layout_long_grid, mainiacjoe_overflow_24_doors,
          mainiacjoe_overflow_surrounded_room, erik_lair_orcish_takeover
D:11:     layout_roguey, serial_aquarium, aquarium_bridge_square
          [aquarium_subvault_bridge, aquarium_subvault_bridge,
          aquarium_subvault_bridge, aquarium_subvault_window],
          aquarium_window_1, aquarium_window_fake, aquarium_view_2d,
          aquarium_view_2c, aquarium_balcony_double_3, aquarium_pool_side,
          uniq_grum, uniq_urug
Temple:   cyrus_temple_forest

Skill      XL: |  1  2  3  4  5  6  7  8  9 10 |
---------------+-------------------------------+-----
Spellcasting   | 5 6 7 |  7.8
Invocations    | 1 2 3 4 5 6 |  6.5
Fighting       | 1 2 3 4 5 |  5.9
Short Blades   | 1 2 3 4 5 |  5.9
Long Blades    | 1 2 3 4 5 |  5.9
Axes           | 1 2 3 4 5 |  5.9
Maces & Flails | 1 2 3 4 5 |  5.9
Polearms       | 1 2 3 4 5 |  5.9
Staves         | 1 2 3 4 5 |  5.9
Ranged Weapons | 1 2 3 4 5 |  5.9
Throwing       | 1 2 3 4 5 |  5.9
Armour         | 1 2 3 4 5 |  5.9
Shields        | 1 2 3 4 5 |  5.9
Unarmed Combat | 1 2 3 4 5 |  5.9
Evocations     | 1 2 3 4 5 |  5.9
Hexes          | 1 2 3 4 |  4.9
Summonings     | 1 2 3 4 |  4.9
Necromancy     | 1 2 3 4 |  4.9
Translocations | 1 2 3 4 |  4.9
Transmutations | 1 2 3 4 |  4.9
Fire Magic     | 1 2 3 4 |  4.9
Ice Magic      | 1 2 3 4 |  4.9
Air Magic      | 1 2 3 4 |  4.9
Earth Magic    | 1 2 3 4 |  4.9
Poison Magic   | 1 2 3 4 |  4.9
Dodging        | 5 6 7 |  7.5
Stealth        | 5 6 7 |  7.3
Conjurations   | 8 |  8.7

Action                     |  1- 3 |  4- 6 |  7- 9 | 10-12 || total
---------------------------+-------+-------+-------+-------++-------
  Melee: Dagger            |     9 |       |       |       ||     9
         Bite              |     2 |       |     5 |     1 ||     8
         Whip              |     9 |     8 |     2 |     2 ||    21
         Short sword       |       |       |    38 |    12 ||    50
         Punch             |       |       |     3 |     1 ||     4
         Flail             |       |       |       |     1 ||     1
   Cast: Magic Dart        |    32 |    14 |    69 |    72 ||   187
         Searing Ray       |     5 |     9 |    41 |     2 ||    57
         Dazzling Flash    |       |     1 |     2 |       ||     3
         Fulminant Prism   |       |       |     8 |     5 ||    13
         Iskenderun's Myst |       |       |     9 |    16 ||    25
         Iskenderun's Batt |       |       |     7 |    21 ||    28
         Fireball          |       |       |       |     1 ||     1
    Use: Scroll            |       |       |    10 |     6 ||    16
         Potion            |       |       |     1 |     3 ||     4
   Stab: Sleeping          |       |     1 |     1 |       ||     2
 Armour: Robe              |     4 |     2 |    29 |    16 ||    51
  Dodge: Dodged            |    25 |    16 |   102 |    55 ||   198

Table legend: (Time is in decaauts)
 A = Elapsed time spent in this place.
 B = Non-inter-level travel time spent in this place.
 C = Inter-level travel time spent in this place.
 D = Time resting spent in this place.
 E = Time spent auto-exploring this place.
 F = Levels seen in this place.
 G = Mean time per level.
                   A        B        C        D        E       F      G
               +--------+--------+--------+--------+--------+-----+--------+
         Total |   9124 |   7558 |   1566 |     14 |   2952 |  12 |  760.3 |
       Dungeon |   9038 |   7497 |   1541 |     14 |   2927 |  11 |  821.6 |
        Temple |     86 |     61 |     25 |      0 |     25 |   1 |   86.0 |
               +--------+--------+--------+--------+--------+-----+--------+

Top non-repeatable levels by time:
     D:7: 1360 daAuts
     D:8: 1209 daAuts
     D:3: 1148 daAuts
     D:6: 1003 daAuts
     D:4: 1002 daAuts
     D:9: 943 daAuts
     D:5: 845 daAuts
     D:1: 812 daAuts
     D:2: 582 daAuts
    D:10: 128 daAuts
  Temple: 86 daAuts
    D:11: 1 daAuts
